 Dungeon Crawl Stone Soup version 0.20.0-8-g6b59dc7 (webtiles) character file.

697 JeffiDaFish the Chopper (level 7, 0/43 HPs)
             Began as a Gargoyle Fighter on May 30, 2017.
             Slain by prkay's ghost (8 damage)
             ... on level 5 of the Dungeon.
             The game lasted 00:18:06 (3434 turns).

JeffiDaFish the Chopper (Gargoyle Fighter)          Turns: 3434, Time: 00:18:07

Health: 0/43       AC: 17    Str: 20    XL:     7   Next: 65%
Magic:  7/7        EV:  6    Int:  8    God:
Gold:   116        SH: 10    Dex: 11    Spells: 6/6 levels left

rFire    . . .     SeeInvis .   a - +1 war axe
rCold    . . .     Gourm    .   c - +0 shield
rNeg     + . .     Faith    .   q - +0 chain mail
rPois    ∞         Spirit   .   l - +0 helmet
rElec    +         Reflect  .   (no cloak)
rCorr    .         Harm     .   o - +0 pair of gloves
MR       +....                  (no boots)
Stlth    ..........             (no amulet)
Regen    0.2/turn               i - ring of protection from magic
MPRegen  0.1/turn               (no ring)

@: no status effects
A: negative energy resistance 1, electricity resistance, unbreathing,
petrification resistance, rot immunity, AC +4
a: no special abilities


You were on level 5 of the Dungeon.
You were not hungry.

You visited 1 branch of the dungeon, and saw 5 of its levels.

You collected 116 gold pieces.

Inventory:

Hand Weapons
 a - a +1 war axe (weapon)
 e - a +0 mace of draining
Armour
 c - a +0 shield (worn)
 l - a +0 helmet (worn)
 o - a +0 pair of gloves (worn)
 q - a +0 chain mail (worn)
Jewellery
 i - a ring of protection from magic (left hand)
Scrolls
 j - 7 scrolls of identify
 p - a scroll of teleportation
Comestibles
 d - 4 chunks of flesh
 f - 4 bread rations
 g - 2 meat rations
 h - 2 royal jellies
 k - 2 fruits


   Skills:
 + Level 4.1 Fighting
 + Level 5.3 Axes
 + Level 4.9 Armour
 + Level 1.0 Dodging
 + Level 1.0 Stealth
 + Level 5.2 Shields


You had 6 spell levels left.
You didn't know any spells.

Dungeon Overview and Level Annotations

Branches:
Dungeon (5/15)
 Temple: D:4-7

Altars:
Elyvilon
Trog

Annotations:
D:5 prkay's ghost, novice GrCj


Innate Abilities, Weirdness & Mutations

You are resistant to torment.
Your stone body is resilient. (AC +4)
You are immune to poison.
You resist negative energy. (rN+)
You are resistant to electric shocks. (rElec)
You can survive without breathing.
You are immune to petrification.
You are immune to rotting.


Message History

You hit prkay's ghost.
Prkay's ghost is almost destroyed.
You block prkay's ghost's attack.
You closely miss prkay's ghost.
Prkay's ghost is almost destroyed.
You block prkay's ghost's attack.
You closely miss prkay's ghost.
Prkay's ghost is almost destroyed.
Prkay's ghost hits you! You block prkay's ghost's attack.
You closely miss prkay's ghost.
Prkay's ghost is almost destroyed.
Prkay's ghost hits you!
* * * LOW HITPOINT WARNING * * *
You closely miss prkay's ghost.
Prkay's ghost is almost destroyed.
Prkay's ghost hits you but does no damage.
You hit prkay's ghost but do no damage.
Prkay's ghost is almost destroyed.
Prkay's ghost hits you!
You die...

... .. .. ###.
#### #.. #
.....###.###.###
................
......W@.......#
########.###...
#../.....####
#...........#
###########.#
#......#.#
#.####.#.#
#.#..#.#.#
#.#.<#.#.#


You could see prkay's ghost.

Vanquished Creatures
  Grinder (D:4)
  2 scorpions (D:4)
  A bullfrog skeleton (D:4)
  4 orc wizards (D:4)
  2 orc priests (D:4)
  A worker ant (D:4)
  4 gnolls
  3 adders
  3 worms
  4 dart slugs
  7 leopard geckos
  12 orcs
  6 bats
  5 giant cockroaches
  7 goblins
  3 hobgoblins
  15 jackals
  4 kobolds
  3 quokkas
  5 frilled lizards
  A jackal zombie (D:3)
  9 rats
102 creatures vanquished.

Notes
Turn   | Place    | Note
-------+----------+-------------------------------------------
     0 | D:1      | JeffiDaFish the Gargoyle Fighter began the quest for the Orb.
     0 | D:1      | Reached XP level 1. HP: 14/14 MP: 1/1
   134 | D:1      | Reached XP level 2. HP: 19/19 MP: 2/2
   393 | D:1      | Reached XP level 3. HP: 23/23 MP: 3/3
   943 | D:2      | Reached XP level 4. HP: 23/28 MP: 4/4
  1791 | D:3      | Noticed a moth of wrath
  1829 | D:3      | Reached XP level 5. HP: 26/32 MP: 5/5
  1952 | D:3      | Found a bloodstained altar of Trog.
  2283 | D:4      | Reached XP level 6. HP: 30/37 MP: 6/6
  2406 | D:4      | Found a white marble altar of Elyvilon.
  2500 | D:4      | Noticed Grinder
  2844 | D:4      | Paralysed by Grinder for 3 turns
  2851 | D:4      | Paralysed by Grinder for 7 turns
  2862 | D:4      | Killed Grinder
  2862 | D:4      | Reached skill level 5 in Axes
  2862 | D:4      | Reached skill level 1 in Dodging
  2862 | D:4      | Reached skill level 1 in Stealth
  2862 | D:4      | Reached skill level 5 in Shields
  2862 | D:4      | Reached XP level 7. HP: 18/43 MP: 7/7
  3351 | D:5      | Entered Level 5 of the Dungeon
  3399 | D:5      | Noticed prkay's ghost (novice GrCj)
  3434 | D:5      | Slain by prkay's ghost

Skill      XL: |  1  2  3  4  5  6 |
---------------+-------------------+-----
Axes           | 2 3 4 5 |  5.3
Shields        | 4 5 |  5.2
Armour         | 4 |  4.9
Fighting       | 4 |  4.1
Dodging        | 1 |  1.0
Stealth        | 1 |  1.0

Action                   |  1- 3 |  4- 6 |  7- 9 || total
-------------------------+-------+-------+-------++-------
Melee: War axe           |   122 |   251 |    88 ||   461
  Use: Potion            |     3 |     6 |     1 ||    10
       Scroll            |     2 |     7 |     2 ||    11
  Eat: Chunk             |       |     7 |     2 ||     9
Armor: Scale mail        |    98 |    62 |       ||   160
       Chain mail        |       |    89 |    53 ||   142
Dodge: Dodged            |    49 |    63 |     9 ||   121
Block: Shield            |    76 |   122 |    41 ||   239
